 Dungeon Crawl Stone Soup version 0.28.0 (webtiles) character file.

Game seed: 10106741978313407533

4085 Ayyar the Cleaver (level 10, -3/77 HPs)
             Began as a Demonspawn Gladiator on Apr 27, 2022.
             Was a Believer of Vehumet.
             Shot with a sling bullet by Joseph (5 damage)
             ... on level 8 of the Dungeon.
             The game lasted 00:32:41 (9538 turns).

Ayyar the Cleaver (Demonspawn Gladiator)            Turns: 9538, Time: 00:32:42

Health: -3/77      AC: 14    Str: 19    XL:     10   Next: 5%
Magic:  14/14      EV: 13    Int: 10    God:    Vehumet [**....]
Gold:   364        SH:  0    Dex: 14    Spells: 14/14 levels left

rFire   . . .      SeeInvis .   a - +0 broad axe
rCold   . . .      Faith    .   (no shield)
rNeg    . . .      Spirit   .   O - +0 steam dragon scales
rPois   .          Reflect  .   n - +2 hat
rElec   .          Harm     .   y - +0 cloak
rCorr   .          Rampage  .   p - +1 pair of gloves
Will    .....                   (no boots)
Stlth   +.........              (no amulet)
HPRegen 0.22/turn               (no ring)
MPRegen 0.14/turn               (no ring)

@: lethally poisoned (-3 -> -17), slowed, very slow
A: hooves 2, molten scales 2, powered by pain 2
a: Renounce Religion


You were on level 8 of the Dungeon.
You worshipped Vehumet.
Vehumet was pleased with you.
You visited 2 branches of the dungeon, and saw 9 of its levels.

You collected 406 gold pieces.
You spent 42 gold pieces at shops.

Inventory:

Hand Weapons
 a - a +0 broad axe (weapon)
 b - a +2 whip of freezing
Missiles
 d - 5 throwing nets
 G - 3 silver boomerangs
 H - 2 boomerangs
 I - 8 poisoned darts (quivered)
Armour
 c - a +0 helmet
 n - a +2 hat (worn)
 p - a +1 pair of gloves (worn)
 y - a +0 cloak (worn)
 C - a +0 chain mail
 L - a +2 plate armour of fire resistance
 O - +0 steam dragon scales (worn)
Jewellery
 i - a ring of flight
 M - a ring of protection from cold
Wands
 w - a wand of flame (30)
 J - a wand of polymorph (11)
 K - a wand of acid (6)
Scrolls
 e - 4 scrolls of identify
 f - 3 scrolls of teleportation
 h - 2 scrolls of fog {unknown}
 k - a scroll of blinking {unknown}
 l - 3 scrolls of amnesia
 m - 3 scrolls of enchant weapon
 q - 2 scrolls of magic mapping {unknown}
 r - a scroll of holy word {unknown}
 s - 2 scrolls of silence {unknown}
 t - 6 scrolls of enchant armour
 z - a scroll of fear {unknown}
 D - a scroll of vulnerability {unknown}
 F - a scroll of torment {unknown}
Potions
 g - 3 potions of heal wounds
 j - 2 potions of flight {unknown}
 o - 2 potions of brilliance
 u - 3 potions of magic {unknown}
 v - a potion of resistance
 x - a potion of mutation {unknown}
 A - 2 potions of curing {unknown}
 B - a potion of attraction {unknown}
 E - a potion of cancellation {unknown}


   Skills:
 + Level 6.3 Fighting
 * Level 8.3 Axes
 + Level 5.7 Throwing
 + Level 5.1 Armour
 - Level 4.0 Dodging
 + Level 2.7 Spellcasting
 + Level 0.7 Poison Magic
 + Level 3.0 Evocations


You had 14 spell levels left.
You didn't know any spells.
Your spell library contained the following spells:

 Spells                   Type           Power      Damage    Failure   Level
 Scorch                   Fire           2%         2d5       41%         2
 Sting                    Tmut/Pois      8%         1d3       26%         1
 Summon Small Mammal      Summ           4%         N/A       28%         1
 Poisonous Vapours        Pois/Air       4%         N/A       36%         2
 Static Discharge         Conj/Air       1%         N/A       41%         2
 Call Canine Familiar     Summ           1%         N/A       65%         3
 Summon Guardian Golem    Hex/Summ       1%         N/A       65%         3
 Olgreb's Toxic Radiance  Pois           2%         N/A       91%         4
 Lightning Bolt           Conj/Air       0%         1d11      100%        5
 Maxwell's Capacitive Co  Air            0%         ∞         100%        8


Dungeon Overview and Level Annotations

Branches:
Dungeon (8/15)             Temple (1/1) D:4
   Lair: D:8-11

Altars:
Ashenzari
Cheibriados
Dithmenos
Elyvilon
Fedhas
Hepliaklqana
Kikubaaqudgha
Makhleb
Nemelex Xobeh
Okawaru
Qazlal
Ru
Sif Muna
Trog
Uskayaw
Vehumet
Wu Jian
Xom
Yredelemnul
Zin
The Shining One

Shops:
D:6 *

Annotations:
D:8 Erica, Joseph


Innate Abilities, Weirdness & Mutations

You have hoof-like feet.
You are mostly covered in molten scales. (AC +3)
You sometimes gain power by taking damage.


Message History

You feel as though you will be slow longer.
You feel extremely sick.
The hornet stings you but does no damage.
Joseph shoots a sling bullet.
The sling bullet hits you! The sling bullet freezes you.
* * * LOW HITPOINT WARNING * * *
You feel very sick. The hornet stings you.
* * * LOW HITPOINT WARNING * * *
You shrug off the repeated paralysis!
Joseph shoots a sling bullet.
The sling bullet hits you!
* * * LOW HITPOINT WARNING * * *
The sling bullet freezes you.
* * * LOW HITPOINT WARNING * * *
The hornet stings you but does no damage.
You can move again.
* * * LOW HITPOINT WARNING * * *
You feel very sick.
The hornet stings you but does no damage.
The hornet barely misses you.
There is a stone staircase leading up here.
You feel much better.
You feel very sick. The hornet barely misses you.
Joseph tries to grin evilly.
Joseph shoots a sling bullet.
The sling bullet hits you!
* * * LOW HITPOINT WARNING * * *
The sling bullet freezes you.
* * * LOW HITPOINT WARNING * * *
The hornet stings you.
* * * LOW HITPOINT WARNING * * *
You are more poisoned.
You feel as though you will be slow longer.
You feel much better.
* * * LOW HITPOINT WARNING * * *
You feel very sick. The hornet misses you.
Joseph shoots a sling bullet.
The sling bullet hits you!
* * * LOW HITPOINT WARNING * * *
The sling bullet freezes you.
You die...

#....# ..
######....##### .
.............. .
#........#### #'
#........#
####.#######........#
..........##......#.#
..#..@y.†.##......#.#
+.>..@.†...######.#
#....[..##..# #.#
#.......###.# #.#
#......## ..# .#
######## #.# .. #.#
+#


You could see Joseph and a hornet.

Vanquished Creatures
  Pikel (D:5)
  Maggie (D:8)
  A hornet (D:7)
  Sigmund (D:6)
  Menkaure (D:4)
  Edmund (D:6)
  Duvessa (D:4)
  An ice beast (D:7)
  2 orc warriors (D:6)
  A black bear (D:3)
  A sky beast (D:7)
  4 ogres
  2 centaurs
  3 bullfrogs
  A gnoll sergeant (D:6)
  2 scorpions
  Dowan (D:4)
  5 killer bees (D:7)
  A wight (D:7)
  2 howler monkeys
  3 centaur zombies
  A centaur skeleton (D:5)
  4 hounds
  3 jellies
  Crazy Yiuf (D:4)
  2 orc priests
  A gnoll shaman (D:6)
  An iguana (D:4)
  2 orc wizards
  2 killer bee zombies
  A hound zombie (D:5)
  A mummy (D:4)
  8 gnolls
  A howler monkey skeleton (D:6)
  12 adders
  4 white imps
  An ufetubus (D:4)
  4 worms
  5 dart slugs
  13 orcs
  3 bats
  12 endoplasms
  3 giant cockroaches (D:2)
  8 goblins
  7 hobgoblins
  2 jackals (D:4)
  A quokka (D:2)
  19 ball pythons
  2 frilled lizards (D:2)
  A hobgoblin zombie (D:4)
  4 kobolds
  A kobold zombie (D:4)
  2 orc zombies (D:4)
  4 rats
172 creatures vanquished.

Vanquished Creatures (others)
  4 toadstools (D:4)
4 creatures vanquished.

Grand Total: 176 creatures vanquished

Notes
Turn   | Place    | Note
-------+----------+-------------------------------------------
     0 | D:1      | Ayyar the Demonspawn Gladiator began the quest for the Orb.
     0 | D:1      | Reached XP level 1. HP: 16/16 MP: 1/1
   274 | D:1      | Gained mutation: You are partially covered in molten
                  | scales. (AC +2) [demonic ancestry]
   274 | D:1      | Reached XP level 2. HP: 12/22 MP: 2/2
   454 | D:1      | Reached skill level 3 in Axes
   509 | D:1      | Found a faded altar of an unknown god.
  1076 | D:2      | Gained mutation: You sometimes gain a little power by
                  | taking damage. [demonic ancestry]
  1076 | D:2      | Reached XP level 3. HP: 28/28 MP: 3/3
  1839 | D:2      | Gained mutation: You have large cloven feet. [demonic
                  | ancestry]
  1839 | D:2      | Reached XP level 4. HP: 23/34 MP: 4/4
  2580 | D:3      | Reached skill level 1 in Armour
  2843 | D:3      | Gained mutation: You sometimes gain power by taking damage.
                  | [demonic ancestry]
  2843 | D:3      | Reached XP level 5. HP: 38/39 MP: 5/5
  3147 | D:3      | Reached skill level 4 in Axes
  3196 | D:3      | Noticed a black bear
  3205 | D:3      | Killed a black bear
  3353 | D:3      | Gained mutation: You are mostly covered in molten scales.
                  | (AC +3) [demonic ancestry]
  3353 | D:3      | Reached XP level 6. HP: 47/47 MP: 6/6
  3450 | D:3      | Found a stormy altar of Qazlal.
  3451 | D:3      | Found a sacrificial altar of Ru.
  4561 | D:4      | Found a runed translucent door.
  4562 | D:4      | Noticed Crazy Yiuf
  4572 | D:4      | Killed Crazy Yiuf
  4925 | D:4      | Noticed Menkaure
  4933 | D:4      | Killed Menkaure
  4934 | D:4      | Reached XP level 7. HP: 27/52 MP: 7/7
  5140 | D:4      | Reached skill level 5 in Axes
  5156 | D:4      | Found a staircase to the Ecumenical Temple.
  5167 | Temple   | Entered the Ecumenical Temple
  5405 | Temple   | Became a worshipper of Vehumet
  5476 | D:4      | Noticed Duvessa
  5480 | D:4      | Noticed Dowan
  5493 | D:4      | Killed Duvessa
  5507 | D:4      | Killed Dowan
  5689 | D:5      | Entered Level 5 of the Dungeon
  5783 | D:5      | Reached XP level 8. HP: 43/61 MP: 8/8
  5930 | D:5      | Reached skill level 6 in Axes
  6731 | D:6      | Found Quvvyryi's General Store.
  6737 | D:6      | Reached skill level 5 in Fighting
  6743 | D:6      | Bought a scroll of teleportation for 42 gold pieces
  6756 | D:6      | Noticed Sigmund
  6775 | D:6      | Killed Sigmund
  6909 | D:6      | Reached skill level 7 in Axes
  6984 | D:6      | Reached * piety under Vehumet
  6984 | D:6      | Offered knowledge of Freeze by Vehumet.
  7013 | D:6      | Noticed Pikel
  7223 | D:5      | Killed Pikel
  7224 | D:5      | Reached skill level 5 in Throwing
  7224 | D:5      | Reached skill level 1 in Spellcasting
  7224 | D:5      | Reached skill level 1 in Evocations
  7224 | D:5      | Reached XP level 9. HP: 27/68 MP: 8/10
  7512 | D:6      | Noticed Edmund
  7526 | D:6      | Killed Edmund
  8547 | D:7      | Reached skill level 8 in Axes
  8811 | D:7      | Reached skill level 5 in Armour
  8831 | D:7      | Reached ** piety under Vehumet
  8949 | D:7      | Found a sparkling altar of Nemelex Xobeh.
  9127 | D:8      | Noticed Erica
  9241 | D:8      | Noticed Maggie
  9259 | D:8      | Killed Maggie
  9259 | D:8      | Offered knowledge of Scorch by Vehumet.
  9260 | D:8      | Gained mutation: You have hoof-like feet. [demonic
                  | ancestry]
  9260 | D:8      | Reached XP level 10. HP: 30/76 MP: 12/14
  9531 | D:8      | Noticed Joseph
  9533 | D:8      | Paralysed by a hornet for 3 turns
  9537 | D:8      | HP: 2/77 [hornet (6)]
  9538 | D:8      | Shot with a sling bullet by Joseph

Illustrated notes

Levels and vault maps discovered:
D:1:      sevenhm_arrival_forest_fort_small_6, layout_basic,
          dreamdust_ecumenical_altar_statues, minmay_tiny_reverse_x
D:2:      layout_basic, minmay_snake_closets
D:3:      minmay_skewed_foursquare, layout_loops_ring,
          amethyst_overflow_temple_binary
D:4:      layout_loops_ring, temple_fountains, minmay_gold_behind_fungi,
          minmay_mini_ossuary, uniq_crazy_yiuf_cottage, uniq_menkaure,
          uniq_duvessa
D:5:      layout_cave_pools
D:6:      layout_loops_ring, serial_shops, shop, uniq_pikel, uniq_edmund,
          uniq_sigmund
D:7:      layout_rooms, mainiacjoe_overflow_catwalk, kennysheep_crisscross,
          kennysheep_generic_room_16
D:8:      layout_basic, nicolae_gozag_conspicuous_consumption, uniq_erica,
          uniq_maggie, uniq_joseph
Temple:   hc_temple_tempest_star

Skill      XL: |  1  2  3  4  5  6  7  8  9 |
---------------+----------------------------+-----
Throwing       | 2 3 5 |  5.7
Axes           | 3 4 5 7 8 |  8.3
Dodging        | 3 4 |  4.0
Armour         | 1 2 3 4 5 |  5.1
Fighting       | 3 4 5 6 |  6.3
Spellcasting   | 1 2 |  2.7
Evocations     | 1 3 |  3.0
Poison Magic   | |  0.7

Action                   |  1- 3 |  4- 6 |  7- 9 | 10-12 || total
-------------------------+-------+-------+-------+-------++-------
Melee: War axe           |   103 |   190 |   304 |       ||   597
       Kick              |       |    48 |    85 |     3 ||   136
       Punch             |       |     2 |     2 |       ||     4
       Broad axe         |       |       |       |     9 ||     9
Throw: Dart              |       |       |    29 |       ||    29
       Throwing net      |       |       |     2 |       ||     2
       Boomerang         |       |       |     5 |       ||     5
Evoke: Wand              |       |       |     2 |       ||     2
  Use: Potion            |     1 |       |     2 |     2 ||     5
       Scroll            |       |       |     4 |       ||     4
 Stab: Sleeping          |     2 |       |       |       ||     2
Armor: Leather armour    |    24 |    88 |    10 |       ||   122
       Ring mail         |       |     1 |       |       ||     1
       Chain mail        |       |       |   242 |       ||   242
       Steam dragon scal |       |       |       |     8 ||     8
Dodge: Dodged            |    85 |   150 |   155 |     8 ||   398
